General information
- name: BNet
- type: Ladder team game (AT/RT)
- host: Battle.net
- saver: iggy_the_fisk
map: UpperKingdom
- players: 6
- length: 30:13
- speed: Fast
- version: 1.21 W3XP
- replay type:

» download(223 KB)
Players
team 1 (winner)
BEAR_AND (
yellow | 107 APM | 3245 actions | 30:12)
6 Blademaster
3 Wind Walk
2 Critical Strike
1 Bladestorm
» actions
| Assign group hotkey | 8 | |
| Build / train | 69 | |
| Enter build submenu | 54 | |
| Enter hero's abilities submenu | 6 | |
| Remove unit from queue | 6 | |
| Right click | 2297 | |
| Select / deselect | 240 | |
| Select group hotkey | 427 | |
| Use ability | 138 | |
3245 total
» units
» upgrades
| Spiked Barricades | 1 | |
| Ranged Weapons | 3 | |
| Armor | 2 | |
| Liquid Fire | 1 | |
7 total
» buildings
| Altar of Storms | 1 | |
| Orc Burrow | 4 | |
| War Mill | 3 | |
| Watch Tower | 38 | |
| Voodoo Lounge | 2 | |
| Stronghold | 1 | |
| Beastiary | 2 | |
| Fortress | 1 | |
| Great Hall | 1 | |
53 total
» build order
00:07 Altar of Storms
00:25 Orc Burrow
00:38 War Mill
00:42 War Mill
01:59 Watch Tower
02:09 Watch Tower
02:37 Watch Tower
02:52 Watch Tower
03:17 Watch Tower
03:33 Voodoo Lounge
04:15 Watch Tower
04:35 Watch Tower
04:37 Watch Tower
04:45 Watch Tower
05:41 Watch Tower
05:42 Watch Tower
06:07 Watch Tower
06:14 Watch Tower
06:41 Orc Burrow
07:59 Watch Tower
08:00 Watch Tower
08:02 Stronghold
10:27 Beastiary
10:29 Beastiary
11:16 Fortress
11:25 Watch Tower
12:21 Orc Burrow
12:22 Orc Burrow
16:04 Voodoo Lounge
18:28 Watch Tower
19:46 Watch Tower
23:14 Watch Tower
23:15 Watch Tower
23:16 Watch Tower
23:16 Watch Tower
23:17 Watch Tower
24:24 Watch Tower
24:25 Watch Tower
24:26 Watch Tower
24:27 Watch Tower
24:43 Watch Tower
25:32 Watch Tower
25:32 Watch Tower
25:35 Watch Tower
25:51 War Mill
26:35 Watch Tower
26:38 Watch Tower
27:52 Great Hall
27:54 Watch Tower
27:55 Watch Tower
28:48 Watch Tower
28:50 Watch Tower
28:53 Watch Tower
» items
| Healing Salve | 3 | |
| Lesser Clarity Potion | 12 | |
| Orb of Lightning | 1 | |
16 total
iggy_the_fisk (
blue | 127 APM | 3848 actions | 30:13)
5 Paladin
3 Holy Light
2 Divine Shield
4 Mountain King
2 Storm Bolt
2 Bash
» actions
| Assign group hotkey | 250 | |
| Basic commands | 14 | |
| Build / train | 128 | |
| Enter build submenu | 79 | |
| Enter hero's abilities submenu | 9 | |
| Give item / drop item | 1 | |
| Right click | 1920 | |
| Select / deselect | 408 | |
| Select group hotkey | 775 | |
| Use ability | 264 | |
3848 total
» units
» upgrades
| Masonry | 3 | |
| Lumber Harvesting | 2 | |
| Magic Sentry | 1 | |
6 total
» buildings
| Altar of Kings | 1 | |
| Lumber Mill | 1 | |
| Farm | 5 | |
| Scout Tower | 68 | |
| Arcane Tower | 8 | |
| Guard Tower | 37 | |
| Arcane Vault | 2 | |
| Keep | 1 | |
| Castle | 1 | |
| Arcane Sanctum | 1 | |
| Town Hall | 1 | |
126 total
» build order
00:18 Altar of Kings
00:34 Lumber Mill
00:40 Farm
01:11 Farm
01:35 Scout Tower
01:40 Scout Tower
02:01 Arcane Tower
02:08 Arcane Tower
02:08 Arcane Tower
02:08 Arcane Tower
02:15 Scout Tower
02:34 Scout Tower
02:37 Scout Tower
02:43 Guard Tower
03:09 Guard Tower
04:13 Scout Tower
05:07 Scout Tower
05:32 Scout Tower
05:56 Arcane Tower
05:58 Scout Tower
05:59 Guard Tower
06:06 Scout Tower
06:28 Guard Tower
06:29 Scout Tower
06:35 Scout Tower
06:36 Guard Tower
06:41 Scout Tower
06:43 Scout Tower
06:51 Arcane Vault
06:57 Scout Tower
06:58 Arcane Tower
07:17 Guard Tower
07:18 Scout Tower
07:33 Guard Tower
07:38 Guard Tower
07:47 Arcane Tower
08:44 Scout Tower
09:11 Scout Tower
09:33 Keep
09:38 Guard Tower
09:53 Scout Tower
10:44 Scout Tower
10:55 Scout Tower
11:02 Guard Tower
11:14 Scout Tower
11:16 Guard Tower
11:28 Scout Tower
11:29 Guard Tower
11:37 Guard Tower
11:37 Guard Tower
11:37 Guard Tower
11:37 Guard Tower
11:47 Farm
12:03 Guard Tower
12:05 Scout Tower
14:50 Scout Tower
15:24 Farm
15:24 Guard Tower
15:29 Farm
15:56 Scout Tower
15:57 Scout Tower
16:01 Castle
16:04 Scout Tower
16:25 Guard Tower
17:00 Scout Tower
17:01 Scout Tower
17:17 Scout Tower
18:07 Guard Tower
18:08 Scout Tower
18:22 Scout Tower
19:10 Guard Tower
19:12 Scout Tower
19:13 Scout Tower
19:14 Scout Tower
19:28 Scout Tower
19:29 Scout Tower
19:39 Arcane Sanctum
19:50 Guard Tower
19:53 Guard Tower
19:56 Scout Tower
19:57 Scout Tower
20:30 Guard Tower
20:33 Guard Tower
20:36 Scout Tower
20:38 Scout Tower
20:49 Arcane Vault
21:09 Town Hall
21:16 Guard Tower
21:23 Guard Tower
21:23 Guard Tower
21:35 Guard Tower
21:43 Scout Tower
21:46 Scout Tower
22:08 Scout Tower
22:09 Scout Tower
22:13 Guard Tower
22:15 Scout Tower
22:16 Scout Tower
24:34 Guard Tower
25:08 Scout Tower
25:09 Scout Tower
25:10 Scout Tower
25:12 Guard Tower
25:13 Scout Tower
25:14 Scout Tower
25:17 Scout Tower
25:18 Scout Tower
25:46 Guard Tower
25:47 Scout Tower
25:59 Scout Tower
26:31 Guard Tower
26:59 Scout Tower
27:00 Scout Tower
27:02 Scout Tower
27:42 Guard Tower
27:42 Scout Tower
27:44 Scout Tower
27:46 Scout Tower
28:24 Guard Tower
28:25 Scout Tower
28:30 Guard Tower
28:31 Scout Tower
28:32 Scout Tower
28:33 Scout Tower
28:33 Scout Tower
» items
| Scroll of Regeneration | 5 | |
| Lesser Clarity Potion | 11 | |
| Potion of Healing | 4 | |
| Potion of Mana | 3 | |
| Orb of Lightning | 2 | |
| Healing Salve | 2 | |
27 total

»
TIMG4STRok (
orange | 86 APM | 2605 actions | 30:12)
4 Archmage
2 Blizzard
2 Brilliance Aura
3 Pandaren Brewmaster
2 Breath of Fire
1 Drunken Haze
» actions
| Assign group hotkey | 3 | |
| Basic commands | 73 | |
| Build / train | 110 | |
| ESC pressed | 8 | |
| Enter build submenu | 85 | |
| Enter hero's abilities submenu | 7 | |
| Give item / drop item | 1 | |
| Right click | 1172 | |
| Select / deselect | 341 | |
| Select group hotkey | 440 | |
| Use ability | 365 | |
2605 total
» units
| Peasant | 38 | |
| Dragonhawk Rider | 6 | |
44 total
» upgrades
| Masonry | 3 | |
| Lumber Harvesting | 2 | |
| Magic Sentry | 1 | |
| Cloud | 1 | |
7 total
» buildings
| Altar of Kings | 1 | |
| Farm | 3 | |
| Lumber Mill | 1 | |
| Scout Tower | 103 | |
| Arcane Tower | 3 | |
| Guard Tower | 39 | |
| Arcane Vault | 1 | |
| Keep | 1 | |
| Town Hall | 2 | |
| Arcane Sanctum | 1 | |
| Gryphon Aviary | 1 | |
| Castle | 1 | |
| Blacksmith | 1 | |
| Barracks | 1 | |
159 total
» build order
00:09 Altar of Kings
00:14 Farm
00:17 Lumber Mill
00:55 Scout Tower
01:18 Farm
01:23 Arcane Tower
01:44 Scout Tower
02:06 Scout Tower
02:14 Arcane Tower
02:32 Guard Tower
02:33 Scout Tower
02:48 Scout Tower
04:07 Guard Tower
04:08 Scout Tower
04:09 Scout Tower
05:25 Guard Tower
05:26 Scout Tower
06:28 Scout Tower
06:29 Scout Tower
06:30 Scout Tower
06:37 Guard Tower
06:40 Scout Tower
07:30 Guard Tower
07:32 Guard Tower
07:59 Scout Tower
08:03 Arcane Vault
08:06 Guard Tower
08:09 Scout Tower
08:10 Scout Tower
08:11 Scout Tower
08:12 Scout Tower
08:13 Scout Tower
08:41 Guard Tower
09:10 Guard Tower
09:11 Scout Tower
09:15 Keep
09:19 Scout Tower
09:20 Scout Tower
09:37 Scout Tower
09:48 Guard Tower
09:50 Scout Tower
10:19 Scout Tower
10:20 Scout Tower
10:21 Scout Tower
10:23 Scout Tower
10:24 Scout Tower
10:25 Scout Tower
10:25 Scout Tower
10:37 Guard Tower
10:38 Scout Tower
10:39 Scout Tower
10:57 Guard Tower
10:59 Guard Tower
11:07 Farm
11:14 Guard Tower
11:27 Town Hall
11:36 Scout Tower
11:38 Scout Tower
11:38 Scout Tower
11:57 Guard Tower
12:00 Scout Tower
12:01 Scout Tower
12:02 Scout Tower
12:03 Scout Tower
12:04 Scout Tower
12:06 Guard Tower
13:12 Scout Tower
13:13 Scout Tower
13:14 Scout Tower
13:47 Guard Tower
14:07 Guard Tower
14:14 Guard Tower
14:54 Scout Tower
14:55 Scout Tower
14:57 Scout Tower
14:58 Scout Tower
15:02 Arcane Sanctum
15:11 Scout Tower
15:12 Scout Tower
15:29 Scout Tower
15:29 Scout Tower
15:31 Scout Tower
15:31 Scout Tower
15:38 Guard Tower
15:58 Guard Tower
16:00 Scout Tower
16:00 Scout Tower
16:02 Scout Tower
16:03 Guard Tower
16:31 Guard Tower
17:22 Guard Tower
17:25 Scout Tower
17:26 Scout Tower
18:03 Arcane Tower
18:59 Gryphon Aviary
19:24 Guard Tower
19:28 Scout Tower
19:29 Scout Tower
19:30 Scout Tower
19:31 Scout Tower
19:32 Castle
20:27 Town Hall
20:51 Guard Tower
20:59 Scout Tower
21:00 Scout Tower
21:01 Scout Tower
21:04 Scout Tower
21:05 Scout Tower
21:06 Scout Tower
22:04 Guard Tower
22:25 Guard Tower
22:33 Guard Tower
22:35 Scout Tower
23:06 Guard Tower
24:33 Scout Tower
24:34 Scout Tower
24:35 Scout Tower
24:35 Scout Tower
24:54 Scout Tower
24:55 Scout Tower
24:55 Scout Tower
24:56 Scout Tower
24:56 Scout Tower
24:56 Scout Tower
25:06 Guard Tower
25:17 Guard Tower
25:30 Guard Tower
25:32 Scout Tower
25:33 Scout Tower
25:38 Scout Tower
25:39 Scout Tower
25:52 Scout Tower
25:53 Scout Tower
25:53 Scout Tower
26:04 Guard Tower
26:14 Scout Tower
26:15 Scout Tower
26:16 Scout Tower
26:16 Scout Tower
26:17 Scout Tower
26:18 Scout Tower
26:18 Scout Tower
26:33 Guard Tower
27:40 Guard Tower
27:42 Scout Tower
27:44 Scout Tower
27:45 Scout Tower
27:45 Scout Tower
28:15 Guard Tower
28:23 Scout Tower
28:25 Scout Tower
29:16 Blacksmith
29:17 Barracks
29:29 Guard Tower
29:51 Guard Tower
29:53 Scout Tower
29:55 Scout Tower
29:59 Scout Tower
30:00 Scout Tower
» items
| Scroll of Regeneration | 1 | |
| Lesser Clarity Potion | 1 | |
| Orb of Lightning | 2 | |
| Staff of Sanctuary | 1 | |
5 total
team 2 (loser)
Hit_X-TaSy (
red | 84 APM | 2526 actions | 30:07)
5 Dark Ranger
3 Black Arrow
1 Silence
1 Life Drain
» actions
| Assign group hotkey | 63 | |
| Basic commands | 402 | |
| Build / train | 88 | |
| Enter build submenu | 21 | |
| Enter hero's abilities submenu | 5 | |
| Give item / drop item | 1 | |
| Remove unit from queue | 4 | |
| Right click | 1149 | |
| Select / deselect | 275 | |
| Select group hotkey | 457 | |
| Use ability | 61 | |
2526 total
» units
» upgrades
| Strength of the Moon | 2 | |
| Moon Armor | 2 | |
| Improved Bows | 1 | |
5 total
» buildings
| Altar of Elders | 2 | |
| Moon Well | 8 | |
| Ancient of War | 2 | |
| Hunter's Hall | 2 | |
| Tree of Ages | 1 | |
| Tree of Eternity | 0 | |
| Ancient of Wind | 1 | |
| Tree of Life | 4 | |
20 total
» build order
00:16 Altar of Elders
00:21 Moon Well
00:56 Ancient of War
01:46 Moon Well
06:00 Hunter's Hall
06:15 Moon Well
06:17 Moon Well
09:43 Tree of Ages
09:47 Moon Well
09:48 Moon Well
15:24 Tree of Eternity
15:27 Ancient of Wind
17:36 Tree of Life
19:39 Tree of Life
21:02 Tree of Life
25:06 Moon Well
25:13 Altar of Elders
26:29 Moon Well
26:38 Ancient of War
26:44 Hunter's Hall
28:08 Tree of Life
» items
| Potion of Healing | 1 | |
| Lesser Clarity Potion | 1 | |
2 total

»
HoneyBlunt (
purple | 62 APM | 1874 actions | 30:10)
4 Mountain King
2 Storm Bolt
2 Bash
» actions
| Assign group hotkey | 18 | |
| Basic commands | 28 | |
| Build / train | 82 | |
| ESC pressed | 1 | |
| Enter build submenu | 32 | |
| Enter hero's abilities submenu | 4 | |
| Right click | 870 | |
| Select / deselect | 594 | |
| Select group hotkey | 154 | |
| Use ability | 91 | |
1874 total
» units
| Peasant | 11 | |
| Footman | 9 | |
| Mortar Team | 21 | |
| Flying Machine | 1 | |
| Dragonhawk Rider | 12 | |
54 total
» upgrades
| Defend | 1 | |
| Masonry | 3 | |
| Gunpowder | 2 | |
| Flare | 1 | |
| Lumber Harvesting | 1 | |
| Cloud | 1 | |
| Fragmentation Shards | 1 | |
| Barrage | 1 | |
11 total
» buildings
| Altar of Kings | 1 | |
| Farm | 13 | |
| Barracks | 1 | |
| Scout Tower | 9 | |
| Arcane Tower | 1 | |
| Lumber Mill | 2 | |
| Keep | 1 | |
| Blacksmith | 1 | |
| Arcane Vault | 1 | |
| Workshop | 2 | |
| Guard Tower | 5 | |
| Gryphon Aviary | 1 | |
| Castle | 1 | |
| Town Hall | 1 | |
40 total
» build order
00:05 Altar of Kings
00:08 Farm
00:29 Barracks
00:53 Farm
01:30 Farm
02:53 Scout Tower
02:54 Scout Tower
03:26 Arcane Tower
03:29 Lumber Mill
04:21 Keep
04:25 Blacksmith
05:05 Farm
06:04 Farm
06:10 Arcane Vault
06:36 Scout Tower
06:45 Workshop
06:48 Workshop
06:51 Scout Tower
07:12 Guard Tower
07:26 Guard Tower
08:02 Gryphon Aviary
09:39 Castle
15:51 Town Hall
19:08 Farm
19:52 Farm
21:13 Farm
21:52 Farm
22:03 Lumber Mill
22:24 Scout Tower
22:26 Scout Tower
22:27 Scout Tower
24:28 Guard Tower
24:30 Guard Tower
24:31 Guard Tower
26:30 Farm
26:31 Farm
26:33 Farm
26:34 Farm
27:51 Scout Tower
27:53 Scout Tower
» items
| Scroll of Town Portal | 2 | |
| Scroll of Regeneration | 2 | |
4 total
necrodc101 (
pink | 40 APM | 1219 actions | 30:11)
5 Mountain King
3 Storm Bolt
2 Bash
3 Paladin
2 Holy Light
1 Divine Shield
2 Archmage
1 Summon Water Elemental
1 Brilliance Aura
» actions
| Basic commands | 78 | |
| Build / train | 105 | |
| ESC pressed | 7 | |
| Enter build submenu | 17 | |
| Enter hero's abilities submenu | 10 | |
| Give item / drop item | 1 | |
| Remove unit from queue | 2 | |
| Right click | 628 | |
| Select / deselect | 282 | |
| Use ability | 89 | |
1219 total
» units
| Peasant | 18 | |
| Footman | 25 | |
| Mortar Team | 5 | |
| Siege Engine | 8 | |
| Knight | 4 | |
60 total
» upgrades
| Defend | 1 | |
| Swords | 3 | |
| Plating | 5 | |
| Lumber Harvesting | 2 | |
| Masonry | 3 | |
| Fragmentation Shards | 1 | |
| Barrage | 1 | |
| Animal War Training | 1 | |
17 total
» buildings
| Farm | 10 | |
| Altar of Kings | 1 | |
| Barracks | 1 | |
| Lumber Mill | 1 | |
| Blacksmith | 1 | |
| Keep | 1 | |
| Scout Tower | 8 | |
| Workshop | 2 | |
| Arcane Vault | 1 | |
| Town Hall | 1 | |
| Guard Tower | 6 | |
| Castle | 1 | |
34 total
» build order
00:08 Farm
00:11 Altar of Kings
00:30 Barracks
00:38 Farm
01:11 Lumber Mill
01:47 Farm
01:47 Farm
02:36 Farm
06:27 Blacksmith
07:10 Keep
09:44 Farm
09:45 Farm
09:49 Scout Tower
09:51 Scout Tower
09:52 Scout Tower
10:15 Workshop
10:18 Arcane Vault
11:49 Town Hall
12:10 Guard Tower
13:44 Guard Tower
13:49 Guard Tower
17:35 Castle
22:15 Workshop
26:43 Scout Tower
26:45 Scout Tower
26:47 Scout Tower
27:28 Guard Tower
27:52 Guard Tower
27:57 Scout Tower
27:59 Scout Tower
28:04 Farm
28:05 Farm
28:05 Farm
28:23 Guard Tower
» items
| Scroll of Regeneration | 2 | |
| Potion of Healing | 1 | |
| Orb of Fire | 2 | |
5 total
Chat log
(00:21 / All) iggy_the_fisk: heya
(00:46 / Allies) BEAR_AND: sharon is karen
(00:59 / All) iggy_the_fisk: hey :]
(07:34 / All) BEAR_AND: nooby's first deto
(17:47 / All) BEAR_AND: LMFAO
(19:08 / All) BEAR_AND: lol
(19:21 / All) HoneyBlunt: u guys are really good with this strat...
(20:11 / All) BEAR_AND: nope
(21:12 / All) BEAR_AND: LMFAO call to arms
(29:56 / All) BEAR_AND: quit